AoeStats
← TakitEz

Fortress

509467826Analyzed
2v2 RM · 5d ago on Sep 26, 2026· 58m 42s· 4 players
Game mode
Random Map
Map size
Normal (6 player)
Population
200
Speed
Normal
Resources
Standard
Victory
Conquest
Starting age
Dark Age
Ending age
Imperial Age
RankedLock teamsTeams togetherTeam positionsShared explorationLock speedFull tech treeHidden civsTurbo modeCheats
Victory
Defeat
🇩🇪 Khmer · Germany
907
+14
🇩🇪 Persians · Germany
851
+24
🇹🇷 Vietnamese · Türkiye
877
-16
🇹🇷 Huns · Türkiye
848
-15
burakack
7:21 Feudal Age
7:48 Double-Bit Axe
13:55 Castle Age
15:27 Horse Collar
16:10 Heavy Plow
20:06 Bow Saw
20:36 Fletching
20:47 Padded Archer Armor
23:10 Wheelbarrow
22:21 Loom
22:21 Town Watch
23:17 Stone Mining
23:19 Gold Mining
23:43 Husbandry
23:54 Bloodlines
25:14 Gold Shaft Mining
25:37 Leather Archer Armor
25:40 Bodkin Arrow
26:16 Hand Cart
26:40 Thumb Ring
26:54 Scale Barding Armor
30:14 Imperial Age
28:47 Chain Barding Armor
30:44 Town Patrol
30:32 Cavalier
31:41 Parthian Tactics
30:36 Heavy Cavalry Archer
31:59 Paladin
32:03 Light Cavalry
37:19 Conscription
38:06 Plate Barding Armor
39:42 Two-Man Saw
42:17 Hussar
EmirBagtas
7:55 Feudal Age
8:25 Double-Bit Axe
8:30 Horse Collar
8:41 Stone Mining
8:43 Gold Mining
16:01 Castle Age
16:52 Bow Saw
16:53 Heavy Plow
18:48 Stone Shaft Mining
21:49 Ballistics
21:22 Fletching
21:33 Padded Archer Armor
22:13 Caravan
22:43 Bodkin Arrow
23:20 Leather Archer Armor
29:52 Imperial Age
28:18 Husbandry
28:29 Bloodlines
29:56 Elite Rattan Archer
31:52 Two-Man Saw
31:23 Guilds
31:45 Crop Rotation
30:55 Pikeman
32:52 Chemistry
32:40 Paper Money
33:30 Thumb Ring
33:03 Elite Skirmisher
34:34 Imperial Skirmisher
36:07 Elite Fire Lancer
36:50 Squires
36:10 Halberdier
38:47 Elite Battle Elephant
40:36 Capped Ram
43:50 Ring Archer Armor
43:21 Bracer
53:03 Forging
52:53 Scale Mail Armor
52:59 Scale Barding Armor
TakitEz
6:43 Feudal Age
12:53 Castle Age
13:09 Double-Bit Axe
13:06 Horse Collar
14:03 Kamandaran
15:25 Bow Saw
15:52 Pikeman
17:36 Squires
20:23 Heavy Plow
25:44 Imperial Age
25:09 Wheelbarrow
24:21 Town Watch
24:22 Loom
26:16 Forging
26:13 Scale Barding Armor
26:09 Padded Archer Armor
26:00 Fletching
25:46 Crossbowman
28:46 Hand Cart
28:32 Town Patrol
28:50 Elite Skirmisher
29:37 Thumb Ring
34:07 Elite War Elephant
37:01 Citadels
38:16 Bodkin Arrow
38:38 Leather Archer Armor
38:43 Chain Barding Armor
38:59 Iron Casting
38:25 Scale Mail Armor
41:08 Caravan
41:12 Cavalier
41:55 Husbandry
42:06 Bloodlines
43:10 Savar
44:53 Squires
44:34 Halberdier
46:30 Gambesons
49:48 Ring Archer Armor
50:19 Blast Furnace
49:55 Plate Barding Armor
49:36 Chain Mail Armor
50:34 Ballistics
51:14 Chemistry
50:14 Guard Tower
50:41 Masonry
57:09 Two-Man Saw
56:42 Crop Rotation
58:53 Plate Mail Armor
Kashyyykistan
8:27 Feudal Age
11:35 Castle Age
9:36 Double-Bit Axe
9:34 Horse Collar
12:04 Loom
14:18 Wheelbarrow
13:57 Bow Saw
13:50 Heavy Plow
19:06 Hand Cart
22:00 Gold Mining
22:06 Stone Mining
27:03 Imperial Age
25:42 Bloodlines
25:33 Husbandry
27:39 Tusk Swords
28:33 Crop Rotation
29:59 Scale Barding Armor
29:51 Fletching
30:05 Padded Archer Armor
30:18 Forging
31:25 Town Watch
31:04 Elite Battle Elephant
32:18 Caravan
32:44 Chain Barding Armor
32:20 Bodkin Arrow
32:23 Elite Skirmisher
33:25 Leather Archer Armor
33:11 Scale Mail Armor
33:49 Iron Casting
35:19 Conscription
37:05 Elite Ballista Elephant
38:45 Pikeman
39:46 Chain Mail Armor
41:53 Halberdier
43:43 Ring Archer Armor
45:15 Arson
46:08 Plate Barding Armor
45:35 Bracer
55:41 Blast Furnace
Connection lost

Rejoining the realm…

Still unreachable

The connection could not be restored.

Session expired

The server has moved on; the page needs a fresh start.